 Dungeon Crawl Stone Soup version 0.27.1-34-g3ba077fa99 (webtiles) character file.

Game seed: 14974116940992390213

112 cbfl8 the Shield-Bearer (level 4, -2/40 HPs)
             Began as a Minotaur Fighter on Jan 18, 2022.
             Slain by Sigmund (3 damage)
             ... on level 3 of the Dungeon.
             The game lasted 00:03:45 (2404 turns).

cbfl8 the Shield-Bearer (Minotaur Fighter)          Turns: 2404, Time: 00:03:45

Health: -2/40      AC:  7    Str: 21    XL:     4   Next: 64%
Magic:  3/3        EV:  8    Int:  6    God:
Gold:   100        SH:  9    Dex:  9    Spells: 3/3 levels left

rFire    . . .     SeeInvis .   a - +0 war axe
rCold    . . .     Faith    .   c - +0 kite shield
rNeg     . . .     Spirit   .   b - +0 scale mail
rPois    .         Reflect  .   (helmet restricted)
rElec    .         Harm     .   (no cloak)
rCorr    .         Rampage  .   (no gloves)
Will     .....                  (no boots)
Stlth    ..........             (no amulet)
HPRegen  0.13/turn              (no ring)
MPRegen  0.08/turn              (no ring)

@: mighty
A: horns 2, retaliatory headbutt
a: no special abilities


You were on level 3 of the Dungeon.
You visited 1 branch of the dungeon, and saw 3 of its levels.

You collected 100 gold pieces.

Inventory:

Hand Weapons
 a - a +0 war axe (weapon)
Armour
 b - a +0 scale mail (worn)
 c - a +0 kite shield (worn)
Wands
 h - a wand of polymorph (9)
Scrolls
 e - 3 scrolls of holy word {unknown}
 f - a scroll of torment {unknown}
 g - a scroll of enchant weapon {unknown}


   Skills:
 + Level 3.9 Fighting
 + Level 3.7 Axes
 + Level 4.5 Armour
 + Level 1.0 Dodging
 + Level 4.8 Shields


You had 3 spell levels left.
You didn't know any spells.
Your spell library contained the following spells:

 Spells                   Type           Power      Damage    Failure   Level
 Summon Guardian Golem    Hex/Summ       0%         N/A       100%        3
 Orb of Destruction       Conj           0%         N/A       100%        7
 Spellforged Servitor     Conj/Summ      0%         N/A       100%        7


Dungeon Overview and Level Annotations

Branches:
Dungeon (3/15)

Altars:
Hepliaklqana

Annotations:
D:3 Sigmund


Innate Abilities, Weirdness & Mutations

You have a pair of horns on your head.
You reflexively headbutt those who attack you in melee.


Message History

A magic dart appears from out of thin air!
The magic dart hits you. Something hits you!
You hear some strange, mumbled words.
Something tries to affect you, but you resist.
You hear some strange, mumbled words.
You are confused.
Something hits you but does no damage.
Unknown command.
You completely miss something. Something hits you.
Unknown command.
You closely miss something. Something hits you but does no damage.
Unknown command.
Unknown command.
You bump into the rock wall.
Something hits you but does no damage.
Unknown command.
Unknown command.
You bump into the rock wall.
You feel less confused.
You hear some strange, mumbled words.
Something tries to affect you, but you resist.
Something hits you!
Unknown command.
You barely miss something. Your headbutt misses something. Something hits you!
* * * LOW HITPOINT WARNING * * *
Unknown command.
You hit something. You headbutt something!
You hear some strange, mumbled words.
A magic dart appears from out of thin air!
The magic dart hits you.
* * * LOW HITPOINT WARNING * * *
Unknown command.
You miss something. You headbutt something.
You hear some strange, mumbled words.
A magic dart appears from out of thin air!
The magic dart hits you.
* * * LOW HITPOINT WARNING * * *
You feel very mighty all of a sudden. Something hits you.
You die...

###### ########.....
###### ##...
.....#..
....###..#####...P#.
#.#.##...#........§.
#.#.#......# #....#§
#..........# #......
#.#{###..#####.....§
#..@# #........#P#..
#.### #.########...P
#..# #)# #P#.. ####
#...# ####. #.....#
#. #.......# ##
#.........#
+........(+
#.........#


There were no monsters in sight!

Vanquished Creatures
  A scorpion (D:2)
  An adder (D:2)
  A dart slug (D:2)
  An endoplasm (D:2)
  4 giant cockroaches
  6 goblins
  4 hobgoblins
  4 jackals (D:1)
  2 kobolds (D:1)
  4 quokkas
  4 ball pythons
  A bat (D:2)
  2 frilled lizards
  5 rats
40 creatures vanquished.

Vanquished Creatures (others)
  4 plants (D:3)
4 creatures vanquished.

Grand Total: 44 creatures vanquished

Notes
Turn   | Place    | Note
-------+----------+-------------------------------------------
     0 | D:1      | cbfl8 the Minotaur Fighter began the quest for the Orb.
     0 | D:1      | Reached XP level 1. HP: 19/19 MP: 0/0
   265 | D:1      | Reached XP level 2. HP: 20/27 MP: 1/1
  1119 | D:1      | Reached XP level 3. HP: 32/33 MP: 2/2
  1346 | D:2      | Noticed a scorpion
  1360 | D:2      | Killed a scorpion
  1361 | D:2      | Reached skill level 1 in Dodging
  1361 | D:2      | Reached XP level 4. HP: 14/40 MP: 3/3
  2336 | D:3      | Found a hazy altar of Hepliaklqana.
  2374 | D:3      | Noticed Sigmund
  2402 | D:3      | HP: 2/40 [something/magic dart (6)]
  2404 | D:3      | Slain by Sigmund

Illustrated notes

Levels and vault maps discovered:
D:1:      minmay_arrival_stone_box, layout_basic
D:2:      layout_basic
D:3:      layout_loops_corners, led_sif_pool, nicolae_hepliaklqana_hazy_memory,
          ebering_ecumenical_altar_webs, solitary_fountain, grunt_ministairs_7,
          minmay_checkerbox, uniq_sigmund, uniq_grinder, uniq_terence

Skill      XL: |  1  2  3 |
---------------+----------+-----
Armour         | 4 |  4.5
Shields        | 4 |  4.8
Axes           | 3 |  3.7
Dodging        | 1 |  1.0
Fighting       | |  3.9

Action                   |  1- 3 |  4- 6 || total
-------------------------+-------+-------++-------
Melee: War axe           |    75 |    36 ||   111
       Headbutt          |    10 |     5 ||    15
  Use: Potion            |       |     1 ||     1
Armor: Scale mail        |    40 |    23 ||    63
Dodge: Dodged            |    25 |    12 ||    37
Block: Kite shield       |    63 |    23 ||    86
